 Dungeon Crawl Stone Soup version 0.29-a0-993-g4a18f31a58 (webtiles) character file.

Game seed: 3186362166257156739

5628 vurker the Cleaver (level 10, -3/65 HPs)
             Began as a Gargoyle Monk on Aug 2, 2022.
             Was a Priest of the Shining One.
             Slain by an eight-headed hydra (11 damage)
             ... on level 10 of the Dungeon.
             The game lasted 00:12:28 (12022 turns).

vurker the Cleaver (Gargoyle Monk)                 Turns: 12022, Time: 00:12:29

Health: -3/65      AC: 25    Str: 18    XL:     10   Next: 74%
Magic:  14/14      EV: 11    Int: 12    God:    the Shining One [***...]
Gold:   578        SH: 14    Dex: 12    Spells: 9/9 levels left

rFire   . . .      SeeInvis .   b - +2 morningstar (holy)
rCold   . . .      Faith    .   z - +0 kite shield
rNeg    + + .      Spirit   .   k - +0 chain mail
rPois   ∞          Reflect  +   d - +1 helmet
rElec   +          Harm     .   w - +3 cloak "Kaumuinyug" {+Blink}
rCorr   .          Rampage  .   C - +0 pair of gloves
Will    .....                   B - +0 pair of boots
Stlth   ..........              r - amulet of reflection
HPRegen 0.20/turn               (no ring)
MPRegen 0.14/turn               g - +4 ring of evasion

@: mighty, glowing
A: sickness immunity, AC +7, negative energy resistance 1, electricity
resistance, torment resistance 1, petrification resistance
a: Renounce Religion, Evoke Blink, Divine Shield, Cleansing Flame


You were on level 10 of the Dungeon.
You worshipped the Shining One.
The Shining One was most pleased with you.
You visited 3 branches of the dungeon, and saw 12 of its levels.

You collected 578 gold pieces.

Inventory:

Hand Weapons
 a - a +0 war axe
   (You found it on level 7 of the Dungeon)
 b - a +2 morningstar of holy wrath (weapon)
   (You took it off a gargoyle on level 9 of the Dungeon)
Missiles
 j - 3 throwing nets (quivered)
Armour
 d - a +1 helmet (worn)
   (You found it on level 1 of the Dungeon)
 k - a +0 chain mail (worn)
   (You found it on level 1 of the Dungeon)
 w - the +3 cloak "Kaumuinyug" (worn) {+Blink}
   (You found it on level 7 of the Dungeon)

   +Blink:    It lets you blink.
 z - a +0 kite shield (worn)
   (You found it on level 4 of the Dungeon)
 B - a +0 pair of boots (worn)
   (You found it on level 9 of the Dungeon)
 C - a +0 pair of gloves (worn)
   (You found it on level 5 of the Dungeon)
Jewellery
 g - a +4 ring of evasion (right hand)
   (You found it on level 5 of the Dungeon)
 r - an amulet of reflection (around neck)
   (You found it on level 3 of the Dungeon)
 y - a ring of resist corrosion
   (You found it on level 9 of the Dungeon)
Scrolls
 f - 2 scrolls of magic mapping
 h - 4 scrolls of teleportation
 i - 5 scrolls of identify
 o - 3 scrolls of fear
 p - a scroll of summoning
 s - a scroll of enchant weapon
 u - 2 scrolls of blinking
 v - 2 scrolls of fog
Potions
 c - 2 potions of ambrosia
 m - a potion of invisibility
 n - 8 potions of curing
 q - 5 potions of heal wounds
 t - 2 potions of magic


   Skills:
 + Level 8.7 Fighting
 * Level 9.9 Axes
 + Level 4.7 Armour
 + Level 4.5 Dodging
 - Level 2.1 Stealth
 + Level 4.6 Shields
 + Level 5.3 Invocations


You had 9 spell levels left.
You didn't know any spells.
Your spell library contained the following spells:

 Spells                   Type           Power      Damage    Failure   Level
 Summon Small Mammal      Summ           0%         N/A       100%        1
 Frozen Ramparts          Ice            0%         1d8       100%        3
 Summon Guardian Golem    Hex/Summ       0%         N/A       100%        3
 Ice Form                 Ice/Tmut       0%         N/A       100%        4
 Summon Ice Beast         Ice/Summ       0%         N/A       100%        4
 Summon Lightning Spire   Summ/Air       0%         N/A       100%        4
 Dragon's Call            Summ           0%         N/A       100%        9


Dungeon Overview and Level Annotations

Branches:
Dungeon (10/15)            Temple (1/1) D:5            Lair (1/5) D:10
    Orc: D:9-12

Altars:
Ashenzari
Dithmenos
Gozag
Hepliaklqana
Kikubaaqudgha
Nemelex Xobeh
Okawaru
Ru
Uskayaw
Yredelemnul
Zin
The Shining One

Annotations:
D:3 1 runed translucent door, eyesofgods1's ghost, weakling DsFi


Innate Abilities, Weirdness & Mutations

You are immune to sickness and miasma.
Your stone body is resilient. (AC +7)
You are immune to poison.
You resist negative energy. (rN+)
You are resistant to electric shocks. (rElec)
You are resistant to unholy torment.
You are immune to petrification.


Message History

The eight-headed hydra bites you.
You block the eight-headed hydra's attack.
The eight-headed hydra bites you. The eight-headed hydra bites you!
The komodo dragon bites you but does no damage.
The eight-headed hydra attacks as you move away!
You block the eight-headed hydra's attack.
The eight-headed hydra barely misses you.
The eight-headed hydra bites you.
You block the eight-headed hydra's attack.
The eight-headed hydra bites you.
The eight-headed hydra bites you but does no damage.
The eight-headed hydra closely misses you.
The eight-headed hydra bites you.
The eight-headed hydra attacks as you move away!
The eight-headed hydra bites you.
The eight-headed hydra bites you but does no damage.
You block the eight-headed hydra's attack.
The eight-headed hydra misses you.
You block the eight-headed hydra's attack.
The eight-headed hydra barely misses you.
The eight-headed hydra bites you but does no damage.
You block the eight-headed hydra's attack.
The eight-headed hydra attacks as you move away!
You block the eight-headed hydra's attack.
The eight-headed hydra bites you but does no damage.
The eight-headed hydra barely misses you.
The eight-headed hydra bites you but does no damage.
You block the eight-headed hydra's attack. x3
The eight-headed hydra bites you but does no damage.
You feel very mighty all of a sudden.
You block the eight-headed hydra's attack.
The eight-headed hydra bites you but does no damage.
You block the eight-headed hydra's attack. x2
The eight-headed hydra bites you but does no damage. x2
The eight-headed hydra bites you!
* * * LOW HITPOINT WARNING * * *
The eight-headed hydra bites you but does no damage.
You sock the eight-headed hydra!
You block the eight-headed hydra's attack.
The eight-headed hydra bites you but does no damage.
You block the eight-headed hydra's attack.
The eight-headed hydra bites you!
* * * LOW HITPOINT WARNING * * *
The eight-headed hydra bites you!
* * * LOW HITPOINT WARNING * * *
The eight-headed hydra bites you but does no damage. x2
You block the eight-headed hydra's attack.
The eight-headed hydra bites you but does no damage. x3
The eight-headed hydra bites you!
You die...

..........#...#....#.# #.#
######...##PPP##...#.# #.#
#.#......P..#.#.# #.#
#.#≈...>.P.≈#.#.# #.#
##.#....†.l..#...# #.#
#....##...##....## #.#
#.....#...#l...#### #.#
##..#...≈..D#.....# #.#
#...#######@...#.#######.#
############.#
#....#.#.......# #...###
#....# ######.#.#######
......# #.#### #.#<#
......# #.# #.#.# ......#
#.# ###.#.#
......###.####### #...#.#
..........#.....# #.###.#
..........#.###.# #.# #.#


You could see an eight-headed hydra and a komodo dragon.

Vanquished Creatures
  A tengu warrior (D:9)
  A gargoyle (D:9)
  Maggie (D:7)
  A komodo dragon (D:10)
  Grinder (D:5)
  A shadow (D:10)
  A wyvern (D:10)
  4 yaks
  A vampire mosquito (D:9)
  2 water moccasins (D:7)
  2 ice beasts (D:7)
  A sky beast (D:6)
  A black bear (D:5)
  2 ogres (D:5)
  2 centaurs
  A phantom (D:5)
  3 kobold brigands
  3 bullfrogs
  2 necrophages (D:7)
  4 scorpions
  3 wights (D:8)
  4 howler monkeys
  3 electric eels (D:9)
  2 lava snakes (D:10)
  A hound (D:7)
  A gnoll bouda (D:6)
  3 jellies
  An orc priest (D:6)
  An iguana (D:7)
  2 orc wizards
  6 gnolls
  11 adders
  2 white imps (D:6)
  3 ufetubi
  2 worms (D:2)
  2 dart slugs
  12 orcs
  12 ball pythons
  9 endoplasms
  3 giant cockroaches
  8 hobgoblins
  14 jackals
  4 quokkas
  4 bats
  A frilled lizard (D:1)
  6 goblins
  40 kobolds
  6 rats
201 creatures vanquished.

Vanquished Creatures (others)
  A black mamba (Lair:1)
  2 komodo dragons (Lair:1)
  A fungus (Lair:1)
  72 plants
76 creatures vanquished.

Grand Total: 277 creatures vanquished

Notes
Turn   | Place    | Note
-------+----------+-------------------------------------------
     0 | D:1      | vurker the Gargoyle Monk began the quest for the Orb.
     0 | D:1      | Reached XP level 1. HP: 14/14 MP: 1/1
    98 | D:1      | Reached skill level 3 in Axes
   197 | D:1      | Reached XP level 2. HP: 19/19 MP: 2/2
   478 | D:1      | Reached XP level 3. HP: 24/24 MP: 3/3
  1161 | D:2      | Reached XP level 4. HP: 29/29 MP: 4/4
  1273 | D:2      | Reached skill level 4 in Axes
  1370 | D:2      | Found a sparkling altar of Nemelex Xobeh.
  2279 | D:3      | Reached XP level 5. HP: 32/34 MP: 5/5
  2478 | D:3      | Found a runed translucent door.
  2484 | D:3      | Noticed eyesofgods1's ghost (weakling DsFi)
  3362 | D:4      | Reached skill level 5 in Axes
  3362 | D:4      | Reached XP level 6. HP: 32/40 MP: 6/6
  3380 | D:4      | Reached skill level 5 in Fighting
  4569 | D:5      | Entered Level 5 of the Dungeon
  4649 | D:5      | Noticed Grinder
  4663 | D:5      | Paralysed by Grinder for 2 turns
  4675 | D:5      | Killed Grinder
  4676 | D:5      | Reached skill level 6 in Axes
  4676 | D:5      | Reached XP level 7. HP: 32/45 MP: 7/7
  5196 | D:5      | Reached skill level 7 in Axes
  5196 | D:5      | Reached XP level 8. HP: 47/52 MP: 8/8
  5349 | D:5      | Found a staircase to the Ecumenical Temple.
  5361 | Temple   | Entered the Ecumenical Temple
  5368 | Temple   | Became a worshipper of the Shining One
  5368 | Temple   | Reached * piety under the Shining One
  5368 | Temple   | Reached ** piety under the Shining One
  5801 | D:6      | Reached skill level 1 in Invocations
  6169 | D:6      | Reached skill level 8 in Axes
  6841 | D:7      | Reached skill level 1 in Armour
  6852 | D:7      | Reached skill level 1 in Shields
  6859 | D:7      | Reached XP level 9. HP: 9/57 MP: 9/11
  7331 | D:7      | Identified the +3 cloak "Kaumuinyug" {+Blink}
  7376 | D:7      | Got Dispater's Parchment of Beckoning
  7973 | D:7      | Noticed Maggie
  7995 | D:7      | Killed Maggie
  8709 | D:8      | Found a sacrificial altar of Ru.
  8825 | D:8      | Reached skill level 9 in Axes
  9367 | D:9      | Noticed a gargoyle
  9373 | D:9      | Killed a gargoyle
  9374 | D:9      | Reached XP level 10. HP: 49/64 MP: 13/13
 10219 | D:9      | Noticed a tengu warrior
 10244 | D:9      | Killed a tengu warrior
 10609 | D:10     | Entered Level 10 of the Dungeon
 10791 | D:10     | Reached skill level 5 in Invocations
 11065 | D:10     | Reached *** piety under the Shining One
 11126 | D:10     | Found a staircase to the Lair.
 11526 | Lair:1   | Entered Level 1 of the Lair of Beasts
 11540 | Lair:1   | Noticed a seven-headed hydra
 11546 | Lair:1   | Noticed a black mamba
 12022 | D:10     | Slain by an eight-headed hydra

Illustrated notes

Levels and vault maps discovered:
D:1:      roderic_crossed_star, layout_basic
D:2:      layout_basic, serial_forest, infiniplex_forest_end_1,
          infiniplex_forest_diagonal, infiniplex_forest_corner_1,
          infiniplex_forest_lined_4_way, infiniplex_forest_clump_small,
          infiniplex_forest_clump_diagonal, infiniplex_forest_zigzag_2,
          basic_altar
D:3:      layout_basic, ebering_ghost_reflecting_pool, minmay_snake_closets
D:4:      layout_layer_cave, amcnicky_mini_rare_corridor_liquid
D:5:      layout_basic, minmay_temple_entry_slanted, chequers_avenue,
          uniq_grinder
D:6:      layout_basic
D:7:      kennysheep_kobold_camp, layout_basic, enter_bailey_1, uniq_maggie
D:8:      layout_cave_pods, mainiacjoe_overflow_six_doors_small
D:9:      kennysheep_big_flooded_room, layout_basic,
          hangedman_abyss_or_decor_lesser_grid
D:10:     layout_basic, dpeg_oklobed_lair, kennysheep_doodads,
          nicolae_straight_to_the_point
Temple:   compressed_dpeg_triangle_lava_temple
Lair:1:   layout_misc_corridors, beast_lair_carwin_11

Skill      XL: |  1  2  3  4  5  6  7  8  9 10 |
---------------+-------------------------------+-----
Axes           | 3 4 5 6 7 8 9 |  9.9
Fighting       | 4 5 6 7 8 |  8.7
Invocations    | 2 4 5 |  5.3
Armour         | 1 3 4 |  4.7
Shields        | 1 3 4 |  4.6
Dodging        | 3 4 |  4.5
Stealth        | |  2.1

Action                   |  1- 3 |  4- 6 |  7- 9 | 10-12 || total
-------------------------+-------+-------+-------+-------++-------
Melee: Hand axe          |   109 |   281 |   336 |       ||   726
       Punch             |     1 |     4 |       |       ||     5
       War axe           |       |       |     7 |    89 ||    96
       Morningstar       |       |       |       |     9 ||     9
Invok: Divine Shield     |       |       |       |     1 ||     1
Evoke: Wand              |       |     2 |     4 |     7 ||    13
  Use: Scroll            |       |    10 |     7 |     2 ||    19
       Potion            |       |       |     1 |     2 ||     3
 Stab: Sleeping          |     3 |       |       |       ||     3
Armor: Robe              |    23 |       |       |       ||    23
       Chain mail        |    24 |   159 |   145 |    77 ||   405
Dodge: Dodged            |    70 |    82 |   119 |    66 ||   337
Block: Other             |       |    40 |       |       ||    40
       Reflection        |       |     3 |    11 |     2 ||    16
       Kite shield       |       |    33 |   238 |   124 ||   395

Table legend: (Time is in decaauts)
 A = Elapsed time spent in this place.
 B = Non-inter-level travel time spent in this place.
 C = Inter-level travel time spent in this place.
 D = Time resting spent in this place.
 E = Time spent auto-exploring this place.
 F = Levels seen in this place.
 G = Mean time per level.
                   A        B        C        D        E       F      G
               +--------+--------+--------+--------+--------+-----+--------+
         Total |  12125 |  11384 |    741 |    643 |   8934 |  12 | 1010.4 |
       Dungeon |  12055 |  11320 |    735 |    643 |   8919 |  10 | 1205.5 |
        Temple |     14 |      8 |      6 |      0 |      0 |   1 |   14.0 |
          Lair |     55 |     55 |      0 |      0 |     15 |   1 |   55.0 |
               +--------+--------+--------+--------+--------+-----+--------+

Top non-repeatable levels by time:
     D:7: 1827 daAuts
     D:4: 1517 daAuts
    D:10: 1368 daAuts
     D:5: 1195 daAuts
     D:2: 1156 daAuts
     D:1: 1106 daAuts
     D:6: 1072 daAuts
     D:9: 1016 daAuts
     D:3: 983 daAuts
     D:8: 811 daAuts
  Lair:1: 55 daAuts
  Temple: 14 daAuts
